| TOP OF THE 1ST |
|
Oklahoma City Dodgers batting - Pitching for Colorado Springs Sky Sox : LHP Jim McCutcheon
|
|
Pitching: LHP Jim McCutcheon
|
|
|
Batting: RHB Justin Anastasio
|
0-0: Swinging Strike 0-1: Foul Ball, location: 2F 0-2: Ball 1-2: Ball 2-2: Strikes out looking
|
|
Batting: RHB Armando Galindo
|
0-0: Fly out, F8 (Flyball, 8LS, EV 95.0 MPH)
|
|
Batting: RHB John Manocchio
|
0-0: Foul Ball, location: 2F 0-1: Called Strike 0-2: Ball 1-2: Strikes out swinging
|
| Top of the 1st over - 0 runs, 0 hits, 0 errors, 0 left on base; Oklahoma City 0 - Colorado Springs 0 |
| BOTTOM OF THE 1ST |
|
Colorado Springs Sky Sox batting - Pitching for Oklahoma City Dodgers : RHP Josh Thorne
|
|
Pitching: RHP Josh Thorne
|
|
|
Batting: RHB Kennet Strijbis
|
0-0: Ball 1-0: Ball 2-0: Ball 3-0: Base on Balls
|
|
Batting: RHB George Lundy
|
0-0: Called Strike 0-1: Swinging Strike 0-2: Strikes out swinging
|
|
Batting: LHB Koson Hirai
|
0-0: Ball Kennet Strijbis steals 2nd base 1-0: Ground out 4-3 (Groundball, 34D, EV 100.0 MPH) Kennet Strijbis to third
|
|
Batting: RHB Orlando Fernandez
|
0-0: Ball 1-0: Ground out 6-3 (Groundball, 6, EV 83.1 MPH)
|
| Bottom of the 1st over - 0 runs, 0 hits, 0 errors, 1 left on base; Oklahoma City 0 - Colorado Springs 0 |
| TOP OF THE 2ND |
|
Oklahoma City Dodgers batting - Pitching for Colorado Springs Sky Sox : LHP Jim McCutcheon
|
|
Batting: RHB Tim Adams
|
0-0: Fly out, F9 (Flyball, 9LD, EV 103.1 MPH)
|
|
Batting: RHB Dusty Pollert
|
0-0: Ball 1-0: Ball 2-0: Called Strike 2-1: SINGLE (Groundball, 56S, EV 70.0 MPH) (infield hit)
|
|
Batting: RHB Terry Jarrells
|
0-0: Called Strike 0-1: Ball 1-1: Ball 2-1: SINGLE (Line Drive, 9S, EV 107.5 MPH) Dusty Pollert to second
|
|
Batting: RHB Matt Robert
|
0-0: Ball 1-0: Foul Ball, location: 2F 1-1: Called Strike 1-2: Strikes out swinging
|
|
Batting: LHB James Betron
|
0-0: Called Strike 0-1: Ball 1-1: Called Strike 1-2: Foul Ball, location: 2F 1-2: SINGLE (Flyball, 7S, EV 97.5 MPH) Dusty Pollert to third Terry Jarrells to second
|
|
Batting: RHB Mike Moore
|
0-0: Fly out, F7 (Line Drive, 7, EV 90.6 MPH)
|
| Top of the 2nd over - 0 runs, 3 hits, 0 errors, 3 left on base; Oklahoma City 0 - Colorado Springs 0 |
| BOTTOM OF THE 2ND |
|
Colorado Springs Sky Sox batting - Pitching for Oklahoma City Dodgers : RHP Josh Thorne
|
|
Batting: LHB Dave Doughty
|
0-0: Ball 1-0: Ball 2-0: Ball 3-0: Called Strike 3-1: Foul Ball, location: 2F 3-2: Ground out 5-3 (Groundball, 56, EV 90.0 MPH)
|
|
Batting: RHB Fu-Kang Duan
|
0-0: Called Strike 0-1: Swinging Strike 0-2: Foul Ball, location: 2F 0-2: Ball 1-2: Ground out 6-3 (Groundball, 6M, EV 87.5 MPH)
|
|
Batting: RHB Dwane Reed
|
0-0: Ball 1-0: Ball 2-0: Swinging Strike 2-1: Swinging Strike 2-2: Ball 3-2: Ground out 6-3 (Groundball, 6, EV 86.9 MPH)
|
| Bottom of the 2nd over - 0 runs, 0 hits, 0 errors, 0 left on base; Oklahoma City 0 - Colorado Springs 0 |
| TOP OF THE 3RD |
|
Oklahoma City Dodgers batting - Pitching for Colorado Springs Sky Sox : LHP Jim McCutcheon
|
|
Batting: RHB Justin Anastasio
|
0-0: Called Strike 0-1: Ground out 5-3 (Groundball, 56, EV 79.4 MPH)
|
|
Batting: RHB Armando Galindo
|
0-0: Ball 1-0: Foul Ball, location: 2F 1-1: Ball 2-1: Ball 3-1: Fly out, F7 (Flyball, 7LM, EV 88.1 MPH)
|
|
Batting: RHB John Manocchio
|
0-0: Ball 1-0: Called Strike 1-1: Foul Ball, location: 2F 1-2: Ball 2-2: Fly out, F3 (Popup, 3F, EV 65.6 MPH)
|
| Top of the 3rd over - 0 runs, 0 hits, 0 errors, 0 left on base; Oklahoma City 0 - Colorado Springs 0 |
| BOTTOM OF THE 3RD |
|
Colorado Springs Sky Sox batting - Pitching for Oklahoma City Dodgers : RHP Josh Thorne
|
|
Batting: RHB Eduardo Camacho
|
0-0: Ball 1-0: Ball 2-0: SINGLE (Groundball, 34D, EV 96.3 MPH)
|
|
Batting: RHB Colin Lord
|
0-0: Ball 1-0: Ball 2-0: Called Strike 2-1: Swinging Strike 2-2: Fly out, F4 (Line Drive, 4, EV 76.9 MPH)
|
|
Pitching: RHP Jake Milligan
|
|
|
Batting: RHB Kennet Strijbis
|
0-0: Ball 1-0: Called Strike 1-1: Foul Ball, location: 2F 1-2: Ball 2-2: Strikes out swinging
|
|
Batting: RHB George Lundy
|
0-0: Ball 1-0: Ball 2-0: Ball 3-0: Base on Balls Eduardo Camacho to second
|
|
Batting: LHB Koson Hirai
|
0-0: SINGLE (Line Drive, 7LS, EV 100.0 MPH) Eduardo Camacho to third George Lundy to second Runner from 3rd tries for Home, SAFE, throw by LF to home
|
|
Batting: RHB Orlando Fernandez
|
0-0: SINGLE (Groundball, 25, EV 67.5 MPH) (infield hit) George Lundy to third Koson Hirai to second
|
|
Batting: LHB Dave Doughty
|
0-0: Called Strike 0-1: Ball 1-1: Called Strike 1-2: Ball 2-2: Fly out, F7 (Flyball, 78D, EV 99.4 MPH)
|
| Bottom of the 3rd over - 1 run, 3 hits, 0 errors, 3 left on base; Oklahoma City 0 - Colorado Springs 1 |
| TOP OF THE 4TH |
|
Oklahoma City Dodgers batting - Pitching for Colorado Springs Sky Sox : LHP Jim McCutcheon
|
|
Batting: RHB Tim Adams
|
0-0: Called Strike 0-1: Ball 1-1: SINGLE (Groundball, 6MD, EV 98.1 MPH)
|
|
Batting: RHB Dusty Pollert
|
0-0: Ball 1-0: Ball 2-0: Called Strike 2-1: Grounds into double play, 4-6-3 (Groundball, 4D, EV 108.8 MPH)
|
|
Batting: RHB Terry Jarrells
|
0-0: Foul Ball, location: 2F 0-1: Ground out 4-3 (Groundball, 4S, EV 91.3 MPH)
|
| Top of the 4th over - 0 runs, 1 hit, 0 errors, 0 left on base; Oklahoma City 0 - Colorado Springs 1 |
| BOTTOM OF THE 4TH |
|
Colorado Springs Sky Sox batting - Pitching for Oklahoma City Dodgers : RHP Jake Milligan
|
|
Batting: RHB Fu-Kang Duan
|
0-0: Called Strike 0-1: Ball 1-1: Ball 2-1: Ground out 5-3 (Groundball, 56, EV 104.4 MPH)
|
|
Batting: RHB Dwane Reed
|
0-0: Ball 1-0: Called Strike 1-1: Ball 2-1: Foul Ball, location: 2F 2-2: Ball 3-2: SINGLE (Groundball, 6M, EV 81.3 MPH) (infield hit)
|
|
Batting: RHB Eduardo Camacho
|
0-0: Called Strike 0-1: Swinging Strike 0-2: Ball 1-2: Ball 2-2: Strikes out swinging
|
|
Batting: RHB Colin Lord
|
0-0: Ball 1-0: Ball 2-0: Foul Ball, location: 2F 2-1: Fly out, F4 (Flyball, 3D, EV 96.9 MPH)
|
| Bottom of the 4th over - 0 runs, 1 hit, 0 errors, 1 left on base; Oklahoma City 0 - Colorado Springs 1 |
| TOP OF THE 5TH |
|
Oklahoma City Dodgers batting - Pitching for Colorado Springs Sky Sox : LHP Jim McCutcheon
|
|
Batting: RHB Matt Robert
|
0-0: Ball 1-0: Ball 2-0: SINGLE (Line Drive, 8LS, EV 85.6 MPH)
|
|
Batting: LHB James Betron
|
0-0: Fielders Choice at 2nd, 6-4 (Groundball, 6, EV 80.6 MPH)
|
|
Batting: RHB Mike Moore
|
0-0: Grounds into double play, 1-6-3 (Groundball, 13S, EV 73.1 MPH)
|
| Top of the 5th over - 0 runs, 1 hit, 0 errors, 0 left on base; Oklahoma City 0 - Colorado Springs 1 |
| BOTTOM OF THE 5TH |
|
Colorado Springs Sky Sox batting - Pitching for Oklahoma City Dodgers : RHP Jake Milligan
|
|
Pitching: RHP Ludo Argo
|
|
|
Batting: RHB Kennet Strijbis
|
0-0: Called Strike 0-1: Ball 1-1: Fly out, F7 (Line Drive, 7, EV 85.0 MPH)
|
|
Batting: RHB George Lundy
|
0-0: SINGLE (Groundball, 3D, EV 98.1 MPH)
|
|
Batting: LHB Koson Hirai
|
0-0: Fielders Choice at 2nd, 6-4 (Groundball, 6, EV 103.8 MPH)
|
|
Batting: RHB Orlando Fernandez
|
0-0: Ball 1-0: Ball 2-0: Called Strike 2-1: Ball 3-1: Called Strike 3-2: Foul Ball, location: 2F 3-2: Strikes out swinging
|
| Bottom of the 5th over - 0 runs, 1 hit, 0 errors, 1 left on base; Oklahoma City 0 - Colorado Springs 1 |
| TOP OF THE 6TH |
|
Oklahoma City Dodgers batting - Pitching for Colorado Springs Sky Sox : LHP Jim McCutcheon
|
|
Batting: RHB Justin Anastasio
|
0-0: Ball 1-0: Ball 2-0: Fly out, F8 (Flyball, 8LS, EV 90.0 MPH)
|
|
Batting: RHB Armando Galindo
|
0-0: Ball 1-0: Ball 2-0: Ground out 6-3 (Groundball, 6, EV 102.5 MPH)
|
|
Batting: RHB John Manocchio
|
0-0: Foul Ball, location: 2F 0-1: Ground out 6-3 (Groundball, 6, EV 105.0 MPH)
|
| Top of the 6th over - 0 runs, 0 hits, 0 errors, 0 left on base; Oklahoma City 0 - Colorado Springs 1 |
| BOTTOM OF THE 6TH |
|
Colorado Springs Sky Sox batting - Pitching for Oklahoma City Dodgers : RHP Ludo Argo
|
|
Batting: LHB Dave Doughty
|
0-0: Ball 1-0: Called Strike 1-1: Fly out, F8 (Flyball, 8LS, EV 91.3 MPH)
|
|
Batting: RHB Fu-Kang Duan
|
0-0: Ball 1-0: Called Strike 1-1: Hit by Pitch
|
|
Batting: RHB Dwane Reed
|
0-0: Foul Ball, location: 2F 0-1: Ball 1-1: Swinging Strike 1-2: Grounds into double play, 6-4-3 (Groundball, 6, EV 83.1 MPH)
|
| Bottom of the 6th over - 0 runs, 0 hits, 0 errors, 0 left on base; Oklahoma City 0 - Colorado Springs 1 |
| TOP OF THE 7TH |
|
Oklahoma City Dodgers batting - Pitching for Colorado Springs Sky Sox : LHP Jim McCutcheon
|
|
Batting: RHB Tim Adams
|
0-0: Called Strike 0-1: Ground out 6-3 (Groundball, 6, EV 88.8 MPH)
|
|
Batting: RHB Dusty Pollert
|
0-0: Ball 1-0: Foul Ball, location: 2F 1-1: Called Strike 1-2: Ball 2-2: Foul Ball, location: 2F 2-2: Foul Ball, location: 2F 2-2: Ball 3-2: Fly out, F8 (Flyball, 8RM, EV 82.5 MPH)
|
|
Batting: RHB Terry Jarrells
|
0-0: Ball 1-0: Ball 2-0: Foul Ball, location: 2F 2-1: Foul Ball, location: 2F 2-2: Ground out 6-3 (Groundball, 6, EV 104.4 MPH)
|
| Top of the 7th over - 0 runs, 0 hits, 0 errors, 0 left on base; Oklahoma City 0 - Colorado Springs 1 |
| BOTTOM OF THE 7TH |
|
Colorado Springs Sky Sox batting - Pitching for Oklahoma City Dodgers : RHP Ludo Argo
|
|
Pitching: RHP Jim Ruleman
|
|
|
Batting: RHB Eduardo Camacho
|
0-0: Ball 1-0: Ball 2-0: Ball 3-0: Base on Balls
|
|
Batting: RHB Colin Lord
|
0-0: Ball 1-0: Bunted foul 1-1: Ball 2-1: Bunted foul 2-2: SINGLE (Groundball, 25, EV 62.5 MPH) (infield hit) Eduardo Camacho to second
|
|
Batting: RHB Kennet Strijbis
|
0-0: Bunt missed! 0-1: Sac Bunt to P - play at first, batter OUT! 1-4 Eduardo Camacho to third Colin Lord to second
|
|
Batting: RHB George Lundy
|
0-0: Called Strike 0-1: Foul Ball, location: 2F 0-2: Strikes out swinging
|
|
Batting: LHB Koson Hirai
|
0-0: Ball 1-0: Swinging Strike 1-1: Ball 2-1: Called Strike 2-2: Ball 3-2: Base on Balls
|
|
Pitching: LHP Chris Bonfanti
|
|
|
Batting: RHB Orlando Fernandez
|
0-0: Ball 1-0: Ball 2-0: Foul Ball, location: 2F 2-1: Ball 3-1: Base on Balls Eduardo Camacho scores Colin Lord to third Koson Hirai to second
|
|
Batting: LHB Dave Doughty
|
0-0: Fly out, F7 (Flyball, 78S, EV 89.4 MPH)
|
| Bottom of the 7th over - 1 run, 1 hit, 0 errors, 3 left on base; Oklahoma City 0 - Colorado Springs 2 |
| TOP OF THE 8TH |
|
Oklahoma City Dodgers batting - Pitching for Colorado Springs Sky Sox : LHP Jim McCutcheon
|
|
Batting: RHB Matt Robert
|
0-0: Called Strike 0-1: Foul Ball, location: 2F 0-2: Ball 1-2: Foul Ball, location: 2F 1-2: Strikes out swinging, 2-3 out at first.
|
|
Batting: LHB James Betron
|
0-0: Ball 1-0: Called Strike 1-1: Swinging Strike 1-2: Strikes out swinging
|
|
Batting: RHB Mike Moore
|
0-0: Ball 1-0: Foul Ball, location: 2F 1-1: Ground out 5-3 (Groundball, 56, EV 91.9 MPH)
|
| Top of the 8th over - 0 runs, 0 hits, 0 errors, 0 left on base; Oklahoma City 0 - Colorado Springs 2 |
| BOTTOM OF THE 8TH |
|
Colorado Springs Sky Sox batting - Pitching for Oklahoma City Dodgers : LHP Chris Bonfanti
|
|
Batting: RHB Fu-Kang Duan
|
0-0: Called Strike 0-1: Ball 1-1: Foul Ball, location: 2F 1-2: Fly out, F9 (Flyball, 9D, EV 104.4 MPH)
|
|
Batting: RHB Dwane Reed
|
0-0: Ball 1-0: Ball 2-0: SOLO HOME RUN (Flyball, 7LD, EV 92.5 MPH), Distance : 360 ft
|
|
Batting: RHB Eduardo Camacho
|
0-0: Called Strike 0-1: SOLO HOME RUN (Flyball, 7D, EV 99.4 MPH), Distance : 382 ft
|
|
Batting: RHB Colin Lord
|
0-0: Called Strike 0-1: Ball 1-1: Swinging Strike 1-2: Ground out 5-3 (Groundball, 5, EV 83.8 MPH)
|
|
Pitching: RHP Alex Aguilar
|
|
|
Batting: RHB Kennet Strijbis
|
0-0: Swinging Strike 0-1: Ball 1-1: Ground out 6-3 (Groundball, 56, EV 91.9 MPH)
|
| Bottom of the 8th over - 2 runs, 2 hits, 0 errors, 0 left on base; Oklahoma City 0 - Colorado Springs 4 |
| TOP OF THE 9TH |
|
Oklahoma City Dodgers batting - Pitching for Colorado Springs Sky Sox : LHP Jim McCutcheon
|
|
Pitching: RHP Mason Albrecht
|
|
|
Batting: RHB Justin Anastasio
|
0-0: Ball 1-0: Called Strike 1-1: Swinging Strike 1-2: Ground out 1-3 (Groundball, 13S, EV 62.5 MPH)
|
|
Batting: RHB Armando Galindo
|
0-0: Ball 1-0: Ball 2-0: Called Strike 2-1: Foul Ball, location: 2F 2-2: Ball 3-2: Foul Ball, location: 2F 3-2: Base on Balls
|
|
Batting: RHB John Manocchio
|
0-0: Foul Ball, location: 2F 0-1: DOUBLE (Line Drive, 89M, EV 96.9 MPH) Armando Galindo to third
|
|
Batting: RHB Tim Adams
|
0-0: SINGLE (Line Drive, 89M, EV 88.8 MPH) Armando Galindo scores John Manocchio to third
|
|
Batting: RHB Dusty Pollert
|
0-0: Foul Ball, location: 2F 0-1: Ball 1-1: SINGLE (Groundball, 34D, EV 97.5 MPH) John Manocchio scores Tim Adams to second
|
|
Batting: RHB Terry Jarrells
|
0-0: Ball 1-0: 3-RUN HOME RUN (Flyball, 7D, EV 94.4 MPH), Distance : 379 ft
|
|
Pitching: RHP Dave Alfonso
|
|
|
Batting: RHB Matt Robert
|
0-0: Called Strike 0-1: Ball 1-1: Swinging Strike 1-2: Ground out 6-3 (Groundball, 6S, EV 76.9 MPH)
|
|
Batting: LHB James Betron
|
0-0: Ball 1-0: Ball 2-0: Called Strike 2-1: Ball 3-1: SINGLE (Groundball, 25, EV 66.9 MPH) (infield hit)
|
|
Batting: RHB Mike Moore
|
0-0: Ball 1-0: Ball 2-0: Ball 3-0: Swinging Strike 3-1: Fly out, F7 (Flyball, 78M, EV 90.6 MPH)
|
| Top of the 9th over - 5 runs, 5 hits, 0 errors, 1 left on base; Oklahoma City 5 - Colorado Springs 4 |
| BOTTOM OF THE 9TH |
|
Colorado Springs Sky Sox batting - Pitching for Oklahoma City Dodgers : RHP Alex Aguilar
|
|
Batting: RHB George Lundy
|
0-0: Ball 1-0: Called Strike 1-1: SINGLE (Groundball, 6MS, EV 69.4 MPH) (infield hit)
|
|
Batting: LHB Koson Hirai
|
0-0: Ball 1-0: Swinging Strike 1-1: Called Strike 1-2: Ball 2-2: Strikes out swinging
|
|
Batting: RHB Orlando Fernandez
|
0-0: Ball 1-0: Ball 2-0: Ball 3-0: Called Strike 3-1: Base on Balls George Lundy to second
|
|
Batting: LHB Dave Doughty
|
0-0: Called Strike 0-1: Ball 1-1: Ball 2-1: Foul Ball, location: 2F 2-2: Ball 3-2: Foul Ball, location: 2F 3-2: 3-RUN HOME RUN (Flyball, 9D, EV 98.8 MPH), Distance : 385 ft
|
| Bottom of the 9th over - 3 runs, 2 hits, 0 errors, 0 left on base; Oklahoma City 5 - Colorado Springs 7 |
| |
|
Game Over ... Colorado Springs defeats Oklahoma City, 7 to 5
|
|
|